 Dungeon Crawl Stone Soup version 0.23-a0-767-gdc19b93d68 (webtiles) character file.

112 LLavrengius the Skirmisher (level 4, 0/33 HPs)
             Began as an Octopode Fighter on Jan 25, 2019.
             Slain by Terence
             ... wielding a +0 flail
              (9 damage)
             ... on level 3 of the Dungeon.
             The game lasted 00:02:54 (1785 turns).

LLavrengius the Skirmisher (Octopode Fighter)       Turns: 1785, Time: 00:02:54

Health: 0/33       AC:  1    Str: 15    XL:     4   Next: 95%
Magic:  4/4        EV: 11    Int: 11    God:
Gold:   87         SH:  8    Dex: 11    Spells: 3/3 levels left

rFire    . . .     SeeInvis .   a - +0 long sword
rCold    . . .     Gourm    .   b - +0 shield
rNeg     . . .     Faith    .   (helmet restricted)
rPois    .         Spirit   .   (no amulet)
rElec    .         Reflect  .   (no ring)
rCorr    .         Harm     .   (no ring)
MR       .....                  (no ring)
Stlth    ++........             (no ring)
HPRegen  0.11/turn              (no ring)
MPRegen  0.09/turn              (no ring)
                                (no ring)
                                (no ring)

@: no status effects
A: almost no armour, stealthy swim, amphibious, 8 rings, constrict 8, camouflage
1, gelatinous body 1
a: no special abilities


You were on level 3 of the Dungeon.
You were hungry.

You visited 1 branch of the dungeon, and saw 3 of its levels.

You collected 87 gold pieces.

Inventory:

Hand Weapons
 a - a +0 long sword (weapon)
Armour
 b - a +0 shield (worn)
Scrolls
 g - a scroll of noise {unknown}
 h - 3 scrolls of identify {unknown}
 k - 2 scrolls of amnesia {unknown}
 l - a scroll of magic mapping {unknown}
 n - a scroll of teleportation {unknown}
 p - a scroll of remove curse {unknown}
Potions
 c - 2 potions of might
 e - 2 potions of agility {unknown}
 f - 3 potions of brilliance {unknown}
 i - 4 potions of lignification {unknown}
 j - a potion of resistance {unknown}
 m - a potion of heal wounds {unknown}
 o - a potion of flight {unknown}
Comestibles
 d - 7 rations


   Skills:
 + Level 4.2 Fighting
 + Level 3.7 Long Blades
 - Level 3.0 Dodging
 * Level 3.2 Shields


You had 3 spell levels left.
You didn't know any spells.
Your spell library was empty.

Dungeon Overview and Level Annotations

Branches:
Dungeon (3/15)

Altars:
Elyvilon
Qazlal

Annotations:
D:3 Terence


Innate Abilities, Weirdness & Mutations

You cannot wear most types of armour.
You are very stealthy in the water. (Stealth+)
You are amphibious.
You can wear up to eight rings at the same time.
You can use your tentacles to constrict eight enemies at once.
Your skin changes colour to match your surroundings (Stealth+).
Your rubbery body absorbs attacks. (AC +1, EV +1)


Message History

Terence hits you with a +0 flail!
You hit Terence but do no damage. You grab Terence.
You constrict Terence, but do no damage.
Terence closely misses you.
You riposte.
You completely miss Terence. You hit Terence but do no damage.
You constrict Terence. Terence hits you with a +0 flail.
You are too injured to fight recklessly!
You hit Terence.
Terence is heavily wounded.
You constrict Terence, but do no damage.
Terence barely misses you.
You hit Terence but do no damage. You squeeze Terence.
Terence is heavily wounded.
You constrict Terence, but do no damage.
Terence hits you with a +0 flail!
* * * LOW HITPOINT WARNING * * *
You hit Terence but do no damage.
Terence is heavily wounded.
You constrict Terence. Terence hits you with a +0 flail!
You die...

..#######
..#....... ... .#
...........##.. .#
........... ... #.#
............#..##.#
#...........#...#.#
#...........#.#.#.#
#<†....#........@.#
#......#...##.#.@.#
...........##.#...#
...........##.#.#>#
...........##.#...#
........#+###.###.#
..................#
###......##########
#........
.........###


You could see Terence.

Vanquished Creatures
  A hound (D:2)
  A hound skeleton (D:3)
  A worker ant zombie (D:3)
  An adder (D:2)
  2 worms (D:2)
  2 leopard geckos (D:1)
  4 giant cockroaches
  A hobgoblin (D:2)
  7 jackals (D:2)
  2 ball pythons
  2 bats
  7 frilled lizards
  6 goblins
  6 kobolds
  3 rats
46 creatures vanquished.

Notes
Turn   | Place    | Note
-------+----------+-------------------------------------------
     0 | D:1      | LLavrengius the Octopode Fighter began the quest for the
                  | Orb.
     0 | D:1      | Reached XP level 1. HP: 16/16 MP: 1/1
   313 | D:1      | Reached XP level 2. HP: 18/21 MP: 2/2
   920 | D:2      | Reached XP level 3. HP: 21/27 MP: 3/3
  1220 | D:2      | Found a white marble altar of Elyvilon.
  1380 | D:2      | Reached skill level 4 in Fighting
  1466 | D:2      | Reached XP level 4. HP: 24/33 MP: 4/4
  1678 | D:2      | Found a stormy altar of Qazlal.
  1777 | D:3      | Noticed Terence
  1785 | D:3      | Slain by Terence

Vault maps used:
D:1:      dpeg_arrival_simpleton_c, serial_forest, infiniplex_forest_side_room,
          infiniplex_forest_lined_ring, infiniplex_forest_clump_curved,
          infiniplex_forest_straight_3, infiniplex_forest_straight_3,
          infiniplex_forest_clump_double, infiniplex_forest_straight_2
D:2:      elyvilon_altar_5, nicolae_overflow_hidden_temple, first_ration
D:3:      nicolae_overflow_crystal_walls, minitemple, ebering_ghost_rock_garden,
          minmay_misc_feat_rugged, minmay_misc_feat_nine_boxes, uniq_terence

Skill      XL: |  1  2  3 |
---------------+----------+-----
Long Blades    | 3 |  3.7
Fighting       | 4 |  4.2
Dodging        | |  3.0
Shields        | |  3.2

Action                   |  1- 3 |  4- 6 || total
-------------------------+-------+-------++-------
Melee: Long sword        |    69 |    17 ||    86
       Constrict         |    21 |     5 ||    26
       Tentacles         |    13 |     2 ||    15
 Stab: Sleeping          |    11 |     3 ||    14
  Eat: Chunk             |     1 |     1 ||     2
Armor: Skin              |     2 |     1 ||     3
Dodge: Dodged            |    25 |     7 ||    32
Block: Shield            |    20 |     2 ||    22
       Rpst.: Long sword |     7 |     1 ||     8

Table legend:
 A = Non-vault XP
 B = Vault XP
 C = Vault XP percentage of total XP
 D = Non-vault monster count
 E = Vault monster count
 F = Vault count percentage of total count
                 A         B        C        D         E       F
            +---------+---------+-------+---------+---------+-------
      Total |     161 |       0 |   0.0 |      46 |       0 |   0.0
            +---------+---------+-------+---------+---------+-------
        D:1 |      24 |       0 |   0.0 |      17 |       0 |   0.0
        D:2 |     103 |       0 |   0.0 |      26 |       0 |   0.0
        D:3 |      34 |       0 |   0.0 |       3 |       0 |   0.0
            +---------+---------+-------+---------+---------+-------
